 Dungeon Crawl Stone Soup version 0.28-a0-1404-g4df0f3684d (webtiles) character file.

Game seed: 15178157179939192433

476 fragbeetle the Cudgeller (level 6, -4/56 (61) HPs)
             Began as a Troll Monk on Jan 5, 2022.
             Was a Believer of Okawaru.
             Slain by a wight (7 damage)
             ... on level 6 of the Dungeon.
             The game lasted 00:07:21 (2611 turns).

fragbeetle the Cudgeller (Troll Monk)               Turns: 2611, Time: 00:07:22

HP:   -4/56 (61)    AC:  4    Str: 22    XL:     6   Next: 84%
MP:   4/5           EV: 10    Int:  6    God:    Okawaru [**....]
Gold: 168           SH:  0    Dex: 12    Spells: 5/5 levels left

rFire   . . .      SeeInvis .   a - +0 mace
rCold   . . .      Faith    .   (no shield)
rNeg    . . .      Spirit   .   b - +0 robe
rPois   .          Reflect  .   (helmet restricted)
rElec   .          Harm     .   (no cloak)
rCorr   .          Rampage  .   (gloves unavailable)
Will    .....                   (boots unavailable)
Stlth   ++........              f - amulet of the acrobat
HPRegen 0.98/turn               (no ring)
MPRegen 0.09/turn               (no ring)

@: drained
A: large, unfitting armour, claws 3, regeneration 1, shaggy fur 1, tough skin 1
a: Renounce Religion, Heroism


You were on level 6 of the Dungeon.
You worshipped Okawaru.
Okawaru was pleased with you.
You visited 2 branches of the dungeon, and saw 5 of its levels.

You collected 168 gold pieces.

Inventory:

Hand Weapons
 a - a +0 mace (weapon)
 q - a +0 giant club
Missiles
 g - 22 stones (quivered)
 p - 3 boomerangs
 v - a throwing net
Armour
 b - a +0 robe (worn)
 i - an orb of guile
Magical Staves
 o - a staff of fire
Jewellery
 e - a ring of fire
 f - an amulet of the acrobat (around neck)
Wands
 s - a wand of iceblast (11)
Scrolls
 d - a scroll of vulnerability {unknown}
 j - 3 scrolls of identify {unknown}
 l - 2 scrolls of teleportation {unknown}
 t - a scroll of enchant armour {unknown}
Potions
 c - a potion of mutation {unknown}
 h - 2 potions of invisibility {unknown}
 k - a potion of heal wounds {unknown}
 m - a potion of lignification {unknown}
 n - a potion of haste {unknown}
 r - a potion of curing {unknown}
 u - a potion of flight {unknown}


   Skills:
 + Level 3.6 Fighting
 * Level 4.9 Maces & Flails
 + Level 2.4 Throwing
 + Level 3.6 Dodging
 - Level 1.1 Stealth


You had 5 spell levels left.
You didn't know any spells.
Your spell library was empty.

Dungeon Overview and Level Annotations

Branches:
Dungeon (6/15)             Temple (1/1) D:6

Altars:
Cheibriados
Dithmenos
Elyvilon
Makhleb
Okawaru
Ru
Sif Muna
Uskayaw
Xom
Yredelemnul
The Shining One

Shops:
D:1 [


Innate Abilities, Weirdness & Mutations

You are too large for most types of armour.
You have claws for hands.
Your natural rate of healing is unusually fast.
You are covered in fur. (AC +1)
You have tough skin. (AC +1)


Message History

The wight hits you with a +0 hand axe!
Okay, then.
You thump the wight!
You destroy the wight!
Okawaru accepts your kill.
You barely miss the white imp.
You feel like a meek peon again. The white imp gestures at you.
The puff of frost misses you.
You hit the white imp but do no damage. The white imp gestures at you.
The puff of frost hits you.
You hit the white imp.
The white imp is lightly wounded.
You hear the rusting of a distant drain.
The wight hits you from afar with a +0 halberd.
* * * LOW HITPOINT WARNING * * *
You feel drained.
* * * LOW HITPOINT WARNING * * *
The white imp hits you but does no damage.
You barely miss the white imp.
The white imp is lightly wounded.
The wight barely misses you. The white imp gestures at you.
The puff of frost hits you!
* * * LOW HITPOINT WARNING * * *
You hit the white imp.
The white imp is moderately wounded.
The wight hits you from afar with a +0 halberd.
* * * LOW HITPOINT WARNING * * *
You feel drained.
The white imp hits you but does no damage.
The wight completely misses you. The white imp hits you.
* * * LOW HITPOINT WARNING * * *
The white imp freezes you.
* * * LOW HITPOINT WARNING * * *
You closely miss the white imp.
The white imp is moderately wounded.
The wight hits you from afar with a +0 halberd!
You die...

###...############## ###
##.>.............. ..
#########...###########.
#.#>#.#.#.#.#.#.
#...............
#.#†#.#.#.#.#.#. #
#...............
#...######.#.#.#.#.#.#.#.
'.⌠..zz5@............####
#....#################
#.. .


You could see 2 wights and a white imp.

Vanquished Creatures
  An ogre (D:3)
  A bullfrog (D:6)
  2 wights (D:6)
  A howler monkey (D:6)
  2 orc priests (D:3)
  A hound (D:6)
  An orc wizard (D:3)
  An adder (D:3)
  A shadow imp (D:6)
  5 worms
  3 dart slugs (D:1)
  5 orcs (D:3)
  6 ball pythons
  6 bats
  5 endoplasms
  A giant cockroach (D:1)
  4 hobgoblins
  6 kobolds (D:1)
  3 quokkas
  4 frilled lizards
  8 rats
67 creatures vanquished.

Notes
Turn   | Place    | Note
-------+----------+-------------------------------------------
     0 | D:1      | fragbeetle the Troll Monk began the quest for the Orb.
     0 | D:1      | Reached XP level 1. HP: 22/22 MP: 0/0
   129 | D:1      | Reached XP level 2. HP: 28/29 MP: 1/1
   131 | D:1      | Reached skill level 3 in Maces & Flails
   268 | D:1      | Found a faded altar of an unknown god.
   355 | D:1      | Reached XP level 3. HP: 36/36 MP: 2/2
   533 | D:1      | Found Supni's Antique Armour Shoppe.
  1687 | D:3      | Reached skill level 1 in Throwing
  1687 | D:3      | Reached XP level 4. HP: 35/44 MP: 3/3
  1764 | D:3      | Noticed an ogre
  1772 | D:3      | Killed an ogre
  1773 | D:3      | Reached skill level 4 in Maces & Flails
  1773 | D:3      | Reached XP level 5. HP: 17/53 MP: 4/4
  2356 | D:3      | You fall into a shaft and drop 3 floors!
  2356 | D:6      | Found a staircase to the Ecumenical Temple.
  2375 | D:6      | Reached XP level 6. HP: 17/61 MP: 5/5
  2397 | Temple   | Entered the Ecumenical Temple
  2428 | Temple   | Became a worshipper of Warmaster Okawaru
  2428 | Temple   | Reached * piety under Okawaru
  2428 | Temple   | Reached ** piety under Okawaru
  2609 | D:6      | HP: 1/56 [white imp (3)]
  2611 | D:6      | Slain by a wight

Illustrated notes

Levels and vault maps discovered:
D:1:      elethiomel_arrival_quiet, layout_loops_ring,
          shapermc_ecumenical_altar_mp_ritualfount, serial_shops,
          nicolae_shop_waterfront, hangedman_decor_points, st_stairs_11
D:2:      minmay_door_path, layout_basic
D:3:      layout_basic, moated_statue, st_stairs_13, kennysheep_nub
D:6:      layout_basic, kennysheep_mini, minmay_temple_entry_tees,
          portal_sewer_entry_d, chequers_serial_rivers_micro_b, st_stairs_13,
          grunt_ministairs_4
Temple:   regret_index_temple_sigil_plot

Skill      XL: |  1  2  3  4  5 |
---------------+----------------+-----
Maces & Flails | 3 4 |  4.9
Throwing       | 1 2 |  2.4
Dodging        | 3 |  3.6
Fighting       | 3 |  3.6
Stealth        | |  1.1

Action                   |  1- 3 |  4- 6 || total
-------------------------+-------+-------++-------
Melee: Mace              |   133 |   138 ||   271
       Punch             |       |     1 ||     1
Invok: Heroism           |       |     1 ||     1
 Stab: Sleeping          |     5 |     1 ||     6
Armor: Robe              |    43 |    27 ||    70
Dodge: Dodged            |    68 |    76 ||   144

Table legend: (Time is in decaauts)
 A = Elapsed time spent in this place.
 B = Non-inter-level travel time spent in this place.
 C = Inter-level travel time spent in this place.
 D = Time resting spent in this place.
 E = Time spent auto-exploring this place.
 F = Levels seen in this place.
 G = Mean time per level.
                   A        B        C        D        E       F      G
               +--------+--------+--------+--------+--------+-----+--------+
         Total |   2665 |   2605 |     60 |     27 |   1624 |   5 |  533.0 |
       Dungeon |   2602 |   2542 |     60 |     27 |   1624 |   4 |  650.5 |
        Temple |     62 |     62 |      0 |      0 |      0 |   1 |   62.0 |
               +--------+--------+--------+--------+--------+-----+--------+

Top non-repeatable levels by time:
     D:1: 886 daAuts
     D:3: 874 daAuts
     D:2: 642 daAuts
     D:6: 199 daAuts
  Temple: 62 daAuts
